 Dungeon Crawl Stone Soup version 0.29-a0-582-ge82337ba6a (webtiles) character file.

Game seed: 16212045111735386340

9 vulpzor the Sneak (level 2, 0/20 HPs)
             Began as a Gnoll Wanderer on June 15, 2022.
             Was an Initiate of Ru.
             Slain by a goblin
             ... wielding a +0 club
              (4 damage)
             ... on level 1 of the Dungeon.
             The game lasted 00:03:18 (205 turns).

vulpzor the Sneak (Gnoll Wanderer)                   Turns: 205, Time: 00:03:21

Health: 0/20       AC:  2    Str: 10    XL:     2   Next: 16%
Magic:  3/7        EV: 11    Int: 11    God:    Ru [......]
Gold:   16         SH:  4    Dex: 12    Spells: 9/10 levels left

rFire   . . .      SeeInvis .   a - +0 dagger
rCold   . . .      Faith    .   d - +0 buckler
rNeg    . . .      Spirit   .   f - +0 robe
rPois   .          Reflect  .   (no helmet)
rElec   .          Harm     .   (no cloak)
rCorr   .          Rampage  .   (no gloves)
Will    .....                   (no boots)
Stlth   ++++......              (no amulet)
HPRegen 0.06/turn               (no ring)
MPRegen 0.10/turn               (no ring)

@: no status effects
A: fangs 1, strong nose, distributed training
a: Renounce Religion, Sacrifice an Eye, Sacrifice Resistance, Sacrifice Health,
Reject Sacrifices


You were on level 1 of the Dungeon.
You worshipped Ru.
Ru was noncommittal.
You visited 1 branch of the dungeon, and saw 1 of its levels.

You collected 16 gold pieces.

Inventory:

Hand Weapons
 a - a +0 dagger (weapon)
Missiles
 c - a datura-tipped dart
 g - 2 atropa-tipped darts
Armour
 d - a +0 buckler (worn)
 f - a +0 robe (worn)
Potions
 b - a potion of curing {unknown}
 e - a potion of heal wounds


   Skills:
 + Level 0.3 Fighting
 + Level 0.3 Short Blades
 + Level 0.3 Long Blades
 + Level 0.3 Axes
 + Level 0.3 Maces & Flails
 + Level 0.3 Polearms
 + Level 0.3 Staves
 + Level 0.3 Slings
 + Level 0.3 Bows
 + Level 0.3 Crossbows
 + Level 0.3 Throwing
 + Level 2.4 Armour
 + Level 0.3 Dodging
 + Level 7.7 Stealth
 + Level 2.4 Shields
 + Level 0.3 Unarmed Combat
 + Level 4.9 Spellcasting
 + Level 0.2 Conjurations
 + Level 0.2 Hexes
 + Level 0.2 Summonings
 + Level 0.2 Necromancy
 + Level 0.2 Translocations
 + Level 0.2 Transmutations
 + Level 0.2 Fire Magic
 + Level 0.2 Ice Magic
 + Level 0.2 Air Magic
 + Level 0.2 Earth Magic
 + Level 2.0 Poison Magic
 + Level 0.4 Invocations
 + Level 2.4 Evocations


You had 9 spell levels left.
You knew the following spells:

 Your Spells              Type           Power      Damage    Failure   Level
a - Sting                 Tmut/Pois      20%        1d4       19%         1

Your spell library contained the following spells:

 Spells                   Type           Power      Damage    Failure   Level
 Mephitic Cloud           Conj/Pois/Air  4%         N/A       52%         3


Dungeon Overview and Level Annotations

Branches:
Dungeon (1/15)

Altars:
Ru

Shops:
D:1 *


Innate Abilities, Weirdness & Mutations

You have very sharp teeth.
Your uncanny sense of smell can sniff out nearby items.
Your experience applies equally to all skills.


Message History

Aim: a ball python (constricting you, 64% to hit)
The sting hits the ball python.
The ball python is poisoned.
The ball python is moderately wounded.
The ball python bites you but does no damage.
The ball python constricts you. The hobgoblin hits you.
A rat comes into view.
You block the ball python's attack. The ball python constricts you.
The sting hits the ball python.
The ball python looks even sicker.
The ball python is heavily wounded.
You block the ball python's attack. The ball python constricts you.
The goblin hits you with a +0 club. The hobgoblin barely misses you.
You are too injured to fight recklessly!
You are too injured to fight recklessly!
Unknown command.
You completely miss the ball python.
The ball python is severely wounded.
A bat comes into view.
The ball python barely misses you. The ball python constricts you.
The goblin hits you with a +0 club. The hobgoblin hits you.
* * * LOW HITPOINT WARNING * * *
The bat moves out of view.
Casting: Sting (safe; 19% risk of failure)
Confirm with . or Enter, or press ? or * to list all spells.
Aiming: Sting (safe; 19% risk of failure)
Press: ? - help, Shift-Dir - straight line, f/p - ball python
Aim: a ball python (severely wounded, constricting you, very poisoned, 64% to hit)
The sting hits the ball python.
The ball python looks even sicker.
You kill the ball python!
The goblin closely misses you.
The hobgoblin hits you but does no damage.
Casting: Sting (safe; 19% risk of failure)
Confirm with . or Enter, or press ? or * to list all spells.
Aiming: Sting (safe; 19% risk of failure)
Press: ? - help, Shift-Dir - straight line, f - hobgoblin
Aim: a hobgoblin (68% to hit)
The sting hits the hobgoblin.
The hobgoblin is poisoned.
The hobgoblin is almost dead.
You kill the hobgoblin!
The goblin hits you with a +0 club.
You die...

#..###. #.##..
. #.# .# ..
##.##.#.#
######.......##
#..†..........#
#.##.#..####..#
#.#.†# .#
#.#@[# #
...r..g†...#
.#.####.##.#
#.# .# #.# #
#.# ∆ #.# ..b


You could see a goblin, a bat and a rat.

Vanquished Creatures
  4 endoplasms (D:1)
  A hobgoblin (D:1)
  A quokka (D:1)
  3 ball pythons (D:1)
9 creatures vanquished.

Notes
Turn   | Place    | Note
-------+----------+-------------------------------------------
     0 | D:1      | vulpzor the Gnoll Wanderer began the quest for the Orb.
     0 | D:1      | vulpzor set off with the following items: a +0 dagger, 2
                  | atropa-tipped darts, a datura-tipped dart, a +0 buckler, a
                  | potion of heal wounds, a +0 robe; and the following spell
                  | memorised: Sting; and the following spells available to
                  | memorise: Mephitic Cloud
     0 | D:1      | Reached XP level 1. HP: 13/13 MP: 6/6
   172 | D:1      | Found a faded altar of an unknown god.
   174 | D:1      | Prayed at the altar of an unknown god.
   174 | D:1      | Became a worshipper of Ru the Awakened
   180 | D:1      | Found Lime's Assorted Antiques.
   187 | D:1      | Reached XP level 2. HP: 19/19 MP: 7/7
   205 | D:1      | Slain by a goblin

Illustrated notes

Levels and vault maps discovered:
D:1:      scummos_arrival_checkerplants, layout_loops_ring, serial_shops, shop,
          chequers_ecumenical_altar_twisty

Skill      XL: |  1 |
---------------+----+-----
Poison Magic   | 2 |  2.0
Fighting       | |  0.3
Short Blades   | |  0.3
Long Blades    | |  0.3
Axes           | |  0.3
Maces & Flails | |  0.3
Polearms       | |  0.3
Staves         | |  0.3
Slings         | |  0.3
Bows           | |  0.3
Crossbows      | |  0.3
Throwing       | |  0.3
Armour         | |  2.4
Dodging        | |  0.3
Stealth        | |  7.7
Shields        | |  2.4
Unarmed Combat | |  0.3
Spellcasting   | |  4.9
Conjurations   | |  0.2
Hexes          | |  0.2
Summonings     | |  0.2
Necromancy     | |  0.2
Translocations | |  0.2
Transmutations | |  0.2
Fire Magic     | |  0.2
Ice Magic      | |  0.2
Air Magic      | |  0.2
Earth Magic    | |  0.2
Invocations    | |  0.4
Evocations     | |  2.4

Action                   || total
-------------------------++-------
Melee: Dagger            ||     7
Throw: Dart              ||     3
 Cast: Sting             ||    18
 Stab: Sleeping          ||     4
Armor: Robe              ||     5
Dodge: Dodged            ||     9
Block: Buckler           ||     6

Table legend: (Time is in decaauts)
 A = Elapsed time spent in this place.
 B = Non-inter-level travel time spent in this place.
 C = Inter-level travel time spent in this place.
 D = Time resting spent in this place.
 E = Time spent auto-exploring this place.
 F = Levels seen in this place.
 G = Mean time per level.
                   A        B        C        D        E       F      G
               +--------+--------+--------+--------+--------+-----+--------+
         Total |    205 |    198 |      7 |     17 |    106 |   1 |  205.0 |
       Dungeon |    205 |    198 |      7 |     17 |    106 |   1 |  205.0 |
               +--------+--------+--------+--------+--------+-----+--------+

Top non-repeatable levels by time:
     D:1: 205 daAuts
